 Dungeon Crawl Stone Soup version 0.18.1-1-g2f07953 (webtiles) character file.

37 Steelers13 the Skirmisher (level 3, -7/30 HPs)
             Began as a Merfolk Berserker on June 14, 2016.
             Was a Follower of Trog.
             Mangled by a worm (13 damage)
             ... on level 2 of the Dungeon.
             The game lasted 00:04:47 (1524 turns).

Steelers13 the Skirmisher (Merfolk Berserker)       Turns: 1524, Time: 00:04:47

Health: -7/30      AC:  2    Str: 18    XL:     3   Next: 41%
Magic:  3/3        EV: 13    Int:  6    God:    Trog [*.....]
Gold:   29         SH:  0    Dex: 13    Spells: 0 memorised, 2 levels left

rFire  . . .     SeeInvis .     a - +0 falchion
rCold  . . .     Gourm    .     b - +0 animal skin
rNeg   . . .     Faith    .     (no shield)
rPois  .         Spirit   .     (no helmet)
rElec  .         Dismiss  .     (no cloak)
rCorr  .         Reflect  .     (no gloves)
SustAt .         Harm     .     (no boots)
MR     .....                    g - amulet of regeneration
Stlth  +.........               (no ring)
                                (no ring)

@: not resistant to hostile enchantments, very unstealthy
A: change form in water, swift swim
a: Berserk, Burn Spellbooks, Renounce Religion


You were on level 2 of the Dungeon.
You worshipped Trog.
Trog was aware of your devotion.
You were not hungry.

You visited 1 branch of the dungeon, and saw 2 of its levels.

You collected 29 gold pieces.

Inventory:

Hand Weapons
 a - a +0 falchion (weapon)
Armour
 b - a +0 animal skin (worn)
Jewellery
 g - an amulet of regeneration (around neck)
Scrolls
 h - 3 scrolls of identify {unknown}
 j - a scroll of blinking {unknown}
 k - 2 scrolls of amnesia {unknown}
 m - a scroll of enchant weapon {unknown}
 n - a scroll of recharging {unknown}
Potions
 e - a potion of resistance {unknown}
 f - 3 potions of heal wounds {unknown}
 i - a potion of degeneration {unknown}
 o - 2 potions of haste {unknown}
 q - a potion of mutation {unknown}
 r - a potion of ambrosia {unknown}
 s - a potion of cure mutation {unknown}
 t - a potion of flight {unknown}
Comestibles
 c - 2 bread rations
 d - 4 fruits
 l - a meat ration
 p - 6 chunks of flesh


   Skills:
 + Level 3.8 Fighting
 + Level 3.8 Long Blades
 + Level 1.4 Armour
 + Level 3.4 Dodging
 + Level 0.2 Stealth


You had 2 spell levels left.
You didn't know any spells.

Dungeon Overview and Level Annotations

Branches:
Dungeon (2/15)

Altars:
Trog


Message History

Found a whip and a club.
You slash the rat!
You kill the rat!
Trog accepts your kill. The rat barely misses you. The worm bites you!
You hit the worm.
The worm is lightly wounded.
The rat closely misses you.
You hit the worm.
The worm is lightly wounded.
The moth of wrath goads the worm on!
The worm goes berserk!
The worm bites you!!
Ouch! That really hurt!
* * * LOW HITPOINT WARNING * * *
You hit the worm.
The worm is moderately wounded.
The rat bites you.
* * * LOW HITPOINT WARNING * * *
The rat closely misses you. The worm bites you!
You die...

..............##.#.#.###.##
..............##.#...###...
...)..........##.##........
....##.########.##..###...
. ####'#### #.###.# #...
##.......## #.# #.# #...
#.........## #. #.# #.##
#...........# #.. #.#
#....###.@r.# ... #.##
#...##y##wr.# ##..#...
#....###....# #..#...
##.....r...## #..#...
#)).._....# ##..#.#.
##).....)## #...#.#.
###...### #.#...#. ####
#.#..... #.#...##


You could see a moth of wrath, a worm (berserk) and 3 rats.

Vanquished Creatures
  2 oozes
  3 giant geckos
  A ball python (D:2)
  A giant cockroach (D:2)
  3 goblins
  3 hobgoblins
  6 bats
  3 kobolds
  3 rats
25 creatures vanquished.

Notes
Turn   | Place    | Note
--------------------------------------------------------------
     0 | D:1      | Steelers13 the Merfolk Berserker began the quest for the Orb.
     0 | D:1      | Reached XP level 1. HP: 18/18 MP: 1/1
   346 | D:1      | Reached XP level 2. HP: 23/24 MP: 2/2
  1295 | D:2      | Reached XP level 3. HP: 30/30 MP: 3/3
  1426 | D:2      | Found a faded altar to an unknown god.
  1513 | D:2      | Noticed a moth of wrath
  1515 | D:2      | Found a bloodstained altar of Trog.
  1524 | D:2      | Mangled by a worm

Skill      XL: |  1  2 |
---------------+-------+-----
Dodging        | 3 |  3.4
Fighting       | |  3.8
Long Blades    | |  3.8
Armour         | |  1.4
Stealth        | |  0.2

Action                   || total
-------------------------++-------
Melee: Falchion          ||    61
 Stab: Sleeping          ||     1
  Eat: Chunk             ||     2
Armor: Animal skin       ||    20
Dodge: Dodged            ||    64
